Map: Nightshade LE

Players

LiquidMaNa (MaNa)

  • Race: Protoss Protoss
  • League: Master
  • Spawn Location: 5:00

Trap - Winner!

  • Race: Protoss Protoss
  • Spawn Location: 11:00

Event: Shopify TSL 5

VOD

Have the link to the VOD?

Description

Time

  • Played on: May 24, 2020, 7:42 a.m.
  • Length: 12:39

All games in this series

Show
View Real Time Build Order
Export as new Build Order

LiquidMaNa Protoss 

Build Orders: Oracle Opening 

Get SALT Encoding   

  12  0:00  Probe  
  13  0:13  Probe  
  14  0:21  Pylon  
  14  0:25  Probe  
  15  0:39  Probe (Chrono Boost), Gateway  
  16  0:44  Assimilator  
  16  0:48  Probe (Chrono Boost)  
  17  0:53  Probe (Chrono Boost)  
  17  0:56  Assimilator  
  18  1:05  Probe (Chrono Boost)  
  18  1:10  Gateway  
  19  1:13  Probe (Chrono Boost)  
  20  1:19  Probe  
  21  1:26  Cybernetics Core  
  21  1:31  Probe  
  22  1:34  Pylon  
  22  1:43  Probe  
  23  1:56  Probe  
  24  2:02  Stalker  
  24  2:03  Stalker  
  24  2:05  Warp Gate  
  24  2:08  Probe  
  29  2:17  Pylon  
  33  2:39  Stalker x2  
  33  2:46  Stargate  
  33  2:48  Probe  
  33  2:50  Pylon  
  34  3:00  Probe  
  35  3:12  Probe  
  36  3:18  Nexus  
  36  3:25  Shield Battery  
  36  3:28  Oracle (Chrono Boost)  
  39  3:39  Pylon  
  37  3:49  Probe  
  38  3:58  Oracle  
  38  4:02  Stalker x2  
  45  4:08  Pylon  
  45  4:10  Probe  
  46  4:18  Pylon  
  46  4:24  Twilight Council  
  46  4:28  Probe  
  46  4:31  Probe (Chrono Boost)  
  48  4:40  Probe (Chrono Boost)  
  48  4:42  Shield Battery  
  48  4:43  Probe (Chrono Boost)  
  50  4:49  Probe (Chrono Boost)  
  50  4:50  Probe (Chrono Boost), Stalker  
  54  4:58  Blink (Chrono Boost)  
  54  5:02  Stalker  
  54  5:04  Probe  
  54  5:05  Probe  
  58  5:19  Stalker  
  60  5:26  Phoenix  
  62  5:29  Probe x2  
  62  5:30  Pylon  
  64  5:36  Pylon  
  64  5:40  Stalker  
  64  5:45  Shield Battery  
  64  5:46  Shield Battery, Stalker  
  65  5:52  Shield Battery  
  64  6:05  Stalker  
  63  6:15  Stalker  
  63  6:16  Probe  
  67  6:28  Probe, Stalker  
  67  6:29  Gateway  
  69  6:36  Nexus  
  69  6:41  Pylon  
  69  6:45  Sentry  
  71  7:22  Probe  
  72  7:24  Stalker x2  
  72  7:26  Stalker  
  72  7:29  Charge  
  78  7:34  Probe, Assimilator  
  79  7:44  Pylon  
  79  7:47  Probe, Robotics Facility  
  80  8:04  Probe x2  
  72  8:07  Zealot  
  72  8:08  Zealot x2  
  78  8:13  Gateway  
  78  8:16  Probe  
  79  8:20  Gateway  
  79  8:24  Templar Archives  
  79  8:26  Assimilator  
  79  8:33  Zealot x2  
  83  8:35  Zealot  
  85  8:54  Zealot x2  
  89  9:04  High Templar  
  89  9:07  High Templar  
  89  9:08  Gateway  
  93  9:11  Archon, Shield Battery  
  93  9:15  Zealot x3  
  89  9:35  Zealot x3  
  77  9:40  Zealot x2  
  81  9:55  High Templar x2  
  81  9:57  High Templar  
  81  9:58  Zealot x2  
  91  10:01  Archon  
  91  10:03  High Templar  
  93  10:07  Archon  
  93  10:13  Zealot x2  
  101  10:22  Pylon  
  89  10:38  Robotics Facility  
  89  10:39  Robotics Facility  
  77  10:49  Zealot x6  
  82  10:53  Forge  
  76  11:14  Pylon  
  73  11:25  Observer (Chrono Boost)  
  73  11:31  High Templar x2  
  77  11:36  Archon  
  73  11:52  Pylon  
  73  11:55  Pylon  
  73  12:09  Pylon  
  75  12:21  Zealot  
Show
View Real Time Build Order
Export as new Build Order

Trap Protoss - Winner!

Build Orders:  

Get SALT Encoding   

  12  0:00  Probe  
  13  0:12  Probe  
  14  0:17  Pylon  
  14  0:24  Probe (Chrono Boost)  
  15  0:36  Probe (Chrono Boost), Gateway  
  16  0:45  Probe (Chrono Boost)  
  16  0:47  Assimilator  
  17  0:51  Probe  
  17  0:54  Assimilator  
  18  1:03  Probe (Chrono Boost)  
  19  1:07  Gateway  
  19  1:13  Probe (Chrono Boost)  
  19  1:18  Probe (Chrono Boost)  
  20  1:25  Cybernetics Core  
  21  1:29  Probe  
  22  1:33  Pylon  
  22  1:41  Probe  
  23  1:53  Probe  
  24  1:59  Warp Gate (Chrono Boost)  
  24  2:01  Adept x2  
  28  2:15  Pylon  
  28  2:29  Pylon  
  28  2:31  Adept  
  28  2:33  Adept  
  32  2:49  Nexus  
  32  2:54  Pylon  
  31  3:01  Adept  
  31  3:03  Adept  
  35  3:11  Robotics Facility  
  35  3:18  Shield Battery  
  35  3:25  Probe  
  36  3:37  Probe  
  35  3:41  Stalker x2  
  39  3:49  Probe (Chrono Boost)  
  40  4:01  Probe (Chrono Boost)  
  40  4:02  Probe (Chrono Boost)  
  42  4:08  Warp Prism (Chrono Boost)  
  45  4:10  Probe (Chrono Boost)  
  45  4:11  Probe (Chrono Boost)  
  45  4:16  Probe  
  46  4:17  Probe  
  46  4:23  Sentry x2  
  52  4:29  Probe x2  
  54  4:37  Immortal (Chrono Boost)  
  54  4:44  Pylon  
  58  4:49  Probe x2  
  58  4:50  Sentry  
  62  4:55  Pylon  
  62  5:03  Stalker  
  64  5:08  Probe x2  
  60  5:14  Stalker  
  60  5:20  Probe x2  
  62  5:28  Stalker  
  62  5:32  Probe x2  
  62  5:33  Shield Battery  
  64  5:44  Probe  
  64  5:45  Probe  
  64  5:46  Pylon  
  64  5:48  Stalker  
  68  5:51  Stalker  
  68  5:56  Probe  
  68  5:57  Probe  
  72  6:04  Immortal  
  61  6:19  Probe x2 (Chrono Boost)  
  61  6:23  Stalker x2  
  63  6:28  Probe x2 (Chrono Boost)  
  65  6:33  Probe x2 (Chrono Boost)  
  65  6:35  Twilight Council  
  67  6:45  Probe x2  
  69  6:50  Immortal  
  73  6:57  Probe x2  
  73  7:00  Pylon  
  74  7:10  Blink (Chrono Boost)  
  74  7:15  Stalker x2  
  70  7:20  Probe  
  70  7:21  Probe  
  77  7:30  Immortal  
  77  7:35  Gateway  
  77  7:38  Gateway  
  77  7:42  Sentry, Stalker  
  81  7:48  Pylon  
  81  7:50  Assimilator  
  81  7:52  Probe x2, Assimilator  
  83  8:06  Stalker x2  
  83  8:12  Pylon x2  
  88  8:13  Observer  
  88  8:31  Stalker x3  
  88  8:32  Stalker  
  88  8:33  Probe  
  88  8:34  Probe  
  98  8:53  Charge  
  98  8:57  Dark Shrine  
  98  9:00  Gateway x3  
  98  9:16  Stalker x3  
  104  9:18  Stalker  
  92  9:41  Stalker  
  92  9:42  Stalker x3  
  100  10:06  Stalker x2  
  102  10:24  Dark Templar x3  
  102  10:26  Observer  
  106  10:30  Dark Templar  
  92  10:38  Stalker x2  
  88  10:48  Immortal  
  84  11:21  Dark Templar x2  
  84  11:22  Zealot x4  
  96  11:27  Immortal (Chrono Boost)  
  100  11:33  Dark Templar  
  99  11:56  Dark Templar x2  
  99  11:57  Zealot x4  
  109  12:01  Archon x2  
  109  12:02  Archon  
  109  12:05  Observer (Chrono Boost)  
  110  12:12  Pylon  
  110  12:17  Pylon  
  110  12:30  Dark Templar  
  110  12:31  Dark Templar, Zealot  
Tags
 
League
Master
Matchup
PvP
Player
MaNaTrap
Spawn Locations
Cross Positions
Add a new tag
Caveats
  • Supply blocks, unpowered buildings, or Contaminate may cause inaccurate times.
  • Supply counts are checked every 10 seconds.